 Dungeon Crawl Stone Soup version 0.21-a0-529-g8c7b3f5 (webtiles) character file.

361 Gildeon the Cleaver (level 6, 0/51 HPs)
             Began as a Minotaur Fighter on Dec 10, 2017.
             Was a Follower of Trog.
             Succumbed to a water moccasin's poison
             ... on level 3 of the Dungeon.
             The game lasted 00:10:37 (2085 turns).

Gildeon the Cleaver (Minotaur Fighter)              Turns: 2085, Time: 00:10:38

Health: 0/51       AC:  7    Str: 21    XL:     6   Next: 38%
Magic:  5/5        EV:  7    Int:  5    God:    Trog [*.....]
Gold:   105        SH:  9    Dex: 11    Spells: 5/5 levels left

rFire    x . .     SeeInvis .   u - -1 mace (curse)
rCold    + + .     Gourm    +   c - +0 shield
rNeg     . . .     Faith    .   b - +1 scale mail
rPois    .         Spirit   .   (helmet restricted)
rElec    .         Reflect  .   (no cloak)
rCorr    .         Harm     .   (no gloves)
MR       .....                  (no boots)
Stlth    ..........             e - amulet of the gourmand
HPRegen  0.17/turn              l - ring of protection from cold
MPRegen  0.09/turn              n - ring of ice

@: lethally poisoned (0 -> -19)
A: retaliatory headbutt, horns 2
a: Berserk, Burn Spellbooks, Renounce Religion


You were on level 3 of the Dungeon.
You worshipped Trog.
Trog was aware of your devotion.
You were completely stuffed.

You visited 1 branch of the dungeon, and saw 3 of its levels.

You collected 105 gold pieces.

Inventory:

Hand Weapons
 a - a +1 war axe
 k - a +2 mace of protection
 u - a cursed -1 mace (weapon)
Missiles
 r - 4 tomahawks (quivered)
Armour
 b - a +1 scale mail (worn)
 c - a +0 shield (worn)
Jewellery
 e - an amulet of the gourmand (around neck)
 l - a ring of protection from cold (left hand)
 n - a ring of ice (right hand)
Potions
 d - a potion of might
 m - a potion of heal wounds {unknown}
 o - 2 potions of haste {unknown}
 p - a potion of magic {unknown}
 q - 3 potions of flight {unknown}
 s - a potion of curing {unknown}
 t - a potion of degeneration {unknown}
Comestibles
 f - 2 bread rations
 g - 23 chunks of flesh
 h - a meat ration
 j - 2 royal jellies


   Skills:
 - Level 3.6 Fighting
 + Level 8.3 Axes
 - Level 3.6 Armour
 - Level 3.6 Shields


You had 5 spell levels left.
You didn't know any spells.

Dungeon Overview and Level Annotations

Branches:
Dungeon (3/15)

Altars:
Trog


Innate Abilities, Weirdness & Mutations

You reflexively headbutt those who attack you in melee.
You have a pair of horns on your head.


Message History

Unknown command.
There is a lethal amount of poison in your body!
There is a lethal amount of poison in your body!
There is a lethal amount of poison in your body!
There is a lethal amount of poison in your body!
There is a lethal amount of poison in your body!
There is a lethal amount of poison in your body!
* * * LOW HITPOINT WARNING * * *
You feel sick.
* * * LOW HITPOINT WARNING * * *
You feel very sick.
* * * LOW HITPOINT WARNING * * *
You feel sick.
* * * LOW HITPOINT WARNING * * *
You feel sick.
* * * LOW HITPOINT WARNING * * *
You feel sick.
* * * LOW HITPOINT WARNING * * *
You feel sick.
You die...

........)..........#
.......).....>.....#
####)).[...........#
..)....)..........##
.#####.....#.....##
## ##.########## #
#.###...#### #
#.##..#....#
#####....#####@#
###......### #.#
....####.# #.##
##### #.# #.>### #.#
##...# #.### ###.##
#...# #..## ###.#
##..# #.# ##.#


There were no monsters in sight!

Vanquished Creatures
  2 orc priests (D:3)
  An orc wizard (D:3)
  Jessica (D:2)
  A worker ant (D:3)
  Natasha (thrice) (D:2)
  3 adders
  An ooze (D:2)
  2 worms (D:2)
  3 dart slugs
  A leopard gecko (D:3)
  9 orcs (D:3)
  20 giant cockroaches
  5 goblins
  5 hobgoblins
  7 jackals
  7 kobolds
  2 quokkas
  2 ball pythons (D:1)
  7 bats
  4 frilled lizards
  9 rats
95 creatures vanquished.

Notes
Turn   | Place    | Note
-------+----------+-------------------------------------------
     0 | D:1      | Gildeon the Minotaur Fighter began the quest for the Orb.
     0 | D:1      | Reached XP level 1. HP: 19/19 MP: 0/0
   128 | D:1      | Reached skill level 3 in Axes
   173 | D:1      | Reached XP level 2. HP: 25/26 MP: 1/1
   341 | D:1      | Reached skill level 4 in Axes
   572 | D:1      | Reached XP level 3. HP: 31/31 MP: 2/2
   900 | D:2      | Noticed Jessica
   909 | D:2      | Killed Jessica
   909 | D:2      | Reached skill level 5 in Axes
   909 | D:2      | Reached XP level 4. HP: 25/39 MP: 3/3
  1085 | D:2      | Noticed Natasha
  1090 | D:2      | Killed Natasha
  1254 | D:2      | Reached skill level 6 in Axes
  1275 | D:2      | Noticed Natasha
  1290 | D:2      | Killed Natasha
  1290 | D:2      | Reached XP level 5. HP: 32/45 MP: 4/4
  1488 | D:2      | Noticed Natasha
  1491 | D:2      | Killed Natasha
  1722 | D:3      | Reached skill level 7 in Axes
  1874 | D:3      | Found a faded altar of an unknown god.
  1882 | D:3      | Became a worshipper of Trog the Wrathful
  1882 | D:3      | Reached * piety under Trog
  1979 | D:3      | Reached XP level 6. HP: 51/51 MP: 5/5
  1986 | D:3      | Reached skill level 8 in Axes
  2056 | D:3      | Noticed a water moccasin
  2084 | D:3      | HP: 2/51 [poisoned by a water moccasin]
  2085 | D:3      | Succumbed to a water moccasin's poison

Vault maps used:
D:1:      onia_arrival_handbag, minmay_stone_trees_medium, kennysheep_doodads,
          minmay_split_cup_large
D:2:      uniq_natasha, uniq_jessica
D:3:      minmay_roachtagon, chequers_ecumenical_altar_simple, first_bread,
          minivault_25

Skill      XL: |  1  2  3  4  5  6 |
---------------+-------------------+-----
Axes           | 3 4 5 6 7 8 |  8.3
Fighting       | |  3.6
Armour         | |  3.6
Shields        | |  3.6

Action                   |  1- 3 |  4- 6 || total
-------------------------+-------+-------++-------
Melee: War axe           |    70 |   114 ||   184
       Headbutt          |     7 |    19 ||    26
       Mace              |       |    15 ||    15
Invok: Berserk           |       |     1 ||     1
  Use: Scroll            |     5 |     1 ||     6
       Potion            |     1 |     1 ||     2
  Eat: Chunk             |    15 |     5 ||    20
Armor: Scale mail        |    31 |    54 ||    85
Dodge: Dodged            |    17 |    21 ||    38
Block: Shield            |    31 |    48 ||    79

Table legend:
 A = Spawn XP
 B = Non-spawn XP
 C = Spawn XP percentage of total XP
 D = Spawn monster count
 E = Non-spawn monster count
 F = Spawn count percentage of total count
 G = Total turns spent on level
                    A         B        C        D         E        F      G
               +---------+---------+-------+---------+---------+-------+---------
         Total |       0 |     517 |   0.0 |       0 |      95 |   0.0 |  2085
               +---------+---------+-------+---------+---------+-------+---------
           D:1 |       0 |      47 |   0.0 |       0 |      27 |   0.0 |   795
           D:2 |       0 |     223 |   0.0 |       0 |      31 |   0.0 |   846
           D:3 |       0 |     247 |   0.0 |       0 |      37 |   0.0 |   444
               +---------+---------+-------+---------+---------+-------+---------
